[Event "Titled Tuesday Blitz August 22 Late 2023"]
[White "Vlassov, Nikolai"]
[Black "Hoffmann, Asa"]
[WhiteFideId "4103360"]
[BlackFideId "2001470"]
[WhiteElo "2605"]
[BlackElo "2298"]
[Result "1-0"]
[Round "1"]
[TimeControl "180+1"]
[Date "2023.08.22"]
[WhiteClock "0:00:55"]
[BlackClock "0:00:00"]
[Board "158"]

1. e4 d6 2. f4 c6 3. Nf3 g6 4. Nc3 Bg7 5. d4 d5 6. e5 h5 7. Be3 Nh6 8. Bd3 Bf5 9. Be2 e6 10. g3 a6 11. h3 Nd7 12. Ng5 f6 13. g4 fxg5 14. fxg5 Ng8 15. gxf5 exf5 16. Bf3 Qe7 17. Ne2 Nf8 18. c3 Ne6 19. h4 Qc7 20. Qd2 Ne7 21. Nf4 Kf7 22. O-O Rac8 23. b3 Qd7 24. c4 Nxf4 25. Bxf4 Ke6 26. Rfc1 Rhd8 27. Rc3 Bf8 28. Rac1 b5 29. cxb5 cxb5 30. Kf2 Rxc3 31. Rxc3 Rc8 32. Ke3 Rxc3+ 33. Qxc3 Nc6 34. a4 Bb4 35. Qd3 Qb7 36. Be2 bxa4 37. bxa4 a5 38. Kf2 Qb6 39. Be3 f4 40. Qxg6+ Kd7 41. Qf5+ Kc7 42. Qxf4 Bc3 43. e6+ Kd8 44. g6 Bxd4 45. g7 Bxe3+ 46. Qxe3 Qxe3+ 47. Kxe3 Ne7 48. Bxh5 1-0


[Site "https://www.chess.com"]

[Event "Titled Tuesday Blitz August 22 Late 2023"]
[White "Antonio, Jorge Carlos"]
[Black "Ribeiro, Matheus Mendes Domingues"]
[WhiteFideId "113190"]
[BlackFideId "324226923"]
[WhiteElo "2297"]
[BlackElo "2601"]
[Result "1-0"]
[Round "1"]
[TimeControl "180+1"]
[Date "2023.08.22"]
[WhiteClock "0:00:17"]
[BlackClock "0:00:20"]
[Board "159"]

1. d4 d5 2. Nf3 e6 3. c4 Nf6 4. Nc3 Be7 5. Bg5 h6 6. Bxf6 Bxf6 7. e3 O-O 8. Rc1 b6 9. cxd5 exd5 10. Bd3 Be6 11. O-O c5 12. dxc5 bxc5 13. e4 d4 14. Nb5 Nd7 15. e5 Be7 16. Qe2 Bd5 17. Na3 Nb6 18. Nd2 Qd7 19. b3 Qe6 20. f3 Bg5 21. f4 Be7 22. f5 Qc6 23. f6 Bd8 24. Qg4 g6 25. Bxg6 Kh8 26. Qh4 Bxf6 27. Rxf6 Qxf6 28. Qxf6+ Kg8 29. Bf5 Be6 30. Bxe6 fxe6 31. Qxe6+ Kg7 32. Ne4 Rae8 33. Qg4+ Kf7 34. Nd6+ Ke7 35. Nxe8 Kxe8 36. Qg7 Nd5 37. Nc4 Ne3 38. Nxe3 dxe3 39. Qg6+ Ke7 40. Qd6+ Ke8 41. Re1 Rf7 42. Rxe3 Rd7 43. Qe6+ Re7 44. Qg8+ Kd7 45. e6+ Kd6 46. Qg4 c4 47. Qf4+ Kc6 48. Qxc4+ Kd6 49. Rf3 Rxe6 50. Qxe6+ Kxe6 51. Rh3 Kd5 52. Rxh6 Kc5 53. Ra6 Kb5 54. Rxa7 Kb4 55. Rd7 Kc3 56. h4 Kb2 57. h5 Ka3 58. h6 Kb2 59. h7 Ka3 60. h8=Q Kb4 61. g3 Ka3 62. g4 Kb4 63. g5 Ka3 64. g6 Kb4 65. g7 Ka3 66. g8=Q Kb4 67. Qc4+ Ka3 68. Ra7# 1-0


[Site "https://www.chess.com"]

[Event "Titled Tuesday Blitz August 22 Late 2023"]
[White "Ozates, Tuna"]
[Black "Zampronha, Wladimir Camilo"]
[WhiteFideId "6354521"]
[BlackFideId "2103087"]
[WhiteElo "2600"]
[BlackElo "2295"]
[Result "0-1"]
[Round "1"]
[TimeControl "180+1"]
[Date "2023.08.22"]
[WhiteClock "0:00:02"]
[BlackClock "0:00:04"]
[Board "160"]

1. e4 c5 2. Nf3 e6 3. c3 Nf6 4. e5 Nd5 5. d4 cxd4 6. cxd4 b6 7. Bd3 Bb7 8. O-O d6 9. Nbd2 Be7 10. Ne4 Nc6 11. Bg5 dxe5 12. dxe5 O-O 13. Re1 Ncb4 14. Bb1 Rc8 15. Bxe7 Qxe7 16. Nd6 Rb8 17. a3 Na6 18. Qd3 g6 19. Qd2 f5 20. Nd4 Nc5 21. Ba2 Kh8 22. b4 Ne4 23. Nxe4 fxe4 24. Rxe4 Nxb4 25. Rg4 Nxa2 26. Qxa2 Bd5 27. Qd2 Qg7 28. Re1 Rbc8 29. h4 Qf7 30. h5 gxh5 31. Rh4 Rg8 32. g3 Rg4 33. Rh2 h4 34. Ne2 Rcg8 35. Qd3 Qg7 36. Rh3 Qxe5 37. Rc1 Qg5 38. Qc3+ e5 39. Rd1 Ba8 40. Rd7 Qf5 41. Nf4 Rxf4 42. Qb2 Qxd7 43. Qxe5+ Qg7 44. Qxf4 Qa1+ 45. Kh2 Qh1# 0-1


[Site "https://www.chess.com"]

[Event "Titled Tuesday Blitz August 22 Late 2023"]
[White "Mikhaylova, Irina"]
[Black "Aldokhin, Ivan"]
[WhiteFideId "4109040"]
[BlackFideId "24115720"]
[WhiteElo "2293"]
[BlackElo "2598"]
[Result "0-1"]
[Round "1"]
[TimeControl "180+1"]
[Date "2023.08.22"]
[WhiteClock "0:00:05"]
[BlackClock "0:00:04"]
[Board "161"]

1. d4 Nf6 2. Nf3 g6 3. c4 Bg7 4. Nc3 d6 5. e4 O-O 6. Be2 Nc6 7. d5 Nb4 8. O-O Re8 9. Be3 e6 10. a3 Na6 11. Bd4 exd5 12. exd5 Nc5 13. b4 Nce4 14. Nxe4 Nxe4 15. Bxg7 Kxg7 16. Bd3 Bg4 17. Re1 Ng5 18. Rxe8 Qxe8 19. Be2 Bxf3 20. Bxf3 Qe5 21. Ra2 Nxf3+ 22. gxf3 Re8 23. Qd2 Qf6 24. Kg2 Re5 25. f4 Re4 26. Qb2 Rxc4 27. Qxf6+ Kxf6 28. Kg3 c6 29. dxc6 bxc6 30. Rd2 d5 31. f3 a6 32. Rb2 Kf5 33. a4 Rxf4 34. b5 axb5 35. axb5 cxb5 36. Rxb5 Rd4 37. Rb7 Kf6 38. Rb6+ Kg7 39. Rd6 g5 40. Rd7 h5 41. Kh3 Kf6 42. Kg3 Rd3 43. Kf2 Ke6 44. Rd8 Ke5 45. Rf8 f5 46. Ke2 Ra3 47. Re8+ Kf4 48. Rd8 Re3+ 49. Kd2 Rxf3 50. Rxd5 Rf2+ 51. Ke1 Rxh2 52. Kf1 g4 0-1


[Site "https://www.chess.com"]

[Event "Titled Tuesday Blitz August 22 Late 2023"]
[White "Pinheiro, Iung Alicio de O."]
[Black "Filip, Andrei"]
[WhiteFideId "2104350"]
[BlackFideId "1249452"]
[WhiteElo "2598"]
[BlackElo "2292"]
[Result "1-0"]
[Round "1"]
[TimeControl "180+1"]
[Date "2023.08.22"]
[WhiteClock "0:00:12"]
[BlackClock "0:00:08"]
[Board "162"]

1. e4 e5 2. f4 exf4 3. Nf3 Nf6 4. Nc3 d5 5. e5 Ne4 6. d3 Nxc3 7. bxc3 c5 8. Bxf4 d4 9. c4 Nc6 10. Be2 Qa5+ 11. Bd2 Qc7 12. O-O Be6 13. Rb1 Be7 14. Qe1 b6 15. Qg3 Rg8 16. Ng5 Qxe5 17. Bf3 O-O-O 18. Bxc6 Qe2 19. Rf2 Qh5 20. Nxe6 fxe6 21. Qf3 Qg6 22. Qe4 Qh5 23. Qxe6+ Kc7 24. Bf4+ Bd6 25. Bf3 Qh4 26. Bxd6+ Rxd6 27. Qxg8 Rh6 28. Qf7+ Kd8 29. g3 Qg5 30. Re1 1-0


[Site "https://www.chess.com"]

[Event "Titled Tuesday Blitz August 22 Late 2023"]
[White "Hercegovac, Neven"]
[Black "Ibadov, Dashgyn"]
[WhiteFideId "2839135"]
[BlackFideId "24107514"]
[WhiteElo "2292"]
[BlackElo "2596"]
[Result "1/2-1/2"]
[Round "1"]
[TimeControl "180+1"]
[Date "2023.08.22"]
[WhiteClock "0:00:13"]
[BlackClock "0:00:05"]
[Board "163"]

1. d4 d5 2. Bf4 Nf6 3. e3 c5 4. Nf3 Nc6 5. Nbd2 Qb6 6. dxc5 Qxb2 7. Rb1 Qc3 8. Bb5 g6 9. e4 dxe4 10. Be5 Qa5 11. O-O exf3 12. Bxc6+ bxc6 13. Qxf3 Nd5 14. Bxh8 Qxd2 15. c4 f6 16. Rfd1 Qc3 17. cxd5 Qxf3 18. gxf3 Bf5 19. Rb7 O-O-O 20. Rxa7 Kb8 21. Ra6 Rxd5 22. Rxd5 cxd5 23. Rb6+ Kc7 24. Rb4 Kc6 25. a4 Kxc5 26. Rb8 Bh6 27. a5 Bf4 28. Rb7 d4 29. a6 Bc8 30. Rxe7 Bxa6 31. Bxf6 d3 32. Rd7 d2 33. Bc3 Bb5 34. Rxd2 Bxd2 35. Bxd2 Bc6 36. Kg2 Kd6 37. Kg3 Ke6 38. h4 Kf5 39. Be3 h5 40. Bg5 1/2-1/2


[Site "https://www.chess.com"]

[Event "Titled Tuesday Blitz August 22 Late 2023"]
[White "Tologon tegin, Semetei"]
[Black "Shapiro, Daniel"]
[WhiteFideId "13800574"]
[BlackFideId "2001780"]
[WhiteElo "2596"]
[BlackElo "2292"]
[Result "1/2-1/2"]
[Round "1"]
[TimeControl "180+1"]
[Date "2023.08.22"]
[WhiteClock "0:00:02"]
[BlackClock "0:00:27"]
[Board "164"]

1. d4 Nf6 2. Nc3 d5 3. Bf4 a6 4. e3 e6 5. a3 Bd6 6. Nf3 c5 7. dxc5 Bxc5 8. Bd3 Nc6 9. O-O Bd6 10. Bxd6 Qxd6 11. e4 dxe4 12. Nxe4 Nxe4 13. Bxe4 Qxd1 14. Raxd1 Bd7 15. Rd6 Ke7 16. Rfd1 Rhd8 17. Ng5 Be8 18. Rxd8 Rxd8 19. Rxd8 Nxd8 20. Kf1 h6 21. Nf3 Bc6 22. Bxc6 Nxc6 23. Ke2 Kd6 24. Kd3 e5 25. c4 f5 26. Nd2 a5 27. Kc3 e4 28. b4 axb4+ 29. axb4 Ke5 30. b5 Nb8 31. c5 f4 32. Kc4 g5 33. h3 h5 34. Nb3 g4 35. hxg4 hxg4 36. g3 e3 37. gxf4+ Kxf4 38. fxe3+ Kxe3 39. Nd4 Ke4 40. Ne2 Kf3 41. Nd4+ Ke4 42. Ne2 Kf3 43. Nd4+ Ke4 1/2-1/2


[Site "https://www.chess.com"]

[Event "Titled Tuesday Blitz August 22 Late 2023"]
[White "Cooper, Aaron"]
[Black "TimGrutter03"]
[WhiteFideId "2634945"]
[WhiteElo "2283"]
[BlackElo "2591"]
[Result "0-1"]
[Round "1"]
[TimeControl "180+1"]
[Date "2023.08.22"]
[WhiteClock "0:00:09"]
[BlackClock "0:00:12"]
[Board "165"]

1. e4 d6 2. d4 Nf6 3. Nc3 e5 4. Nf3 Nbd7 5. g3 Be7 6. Bg2 O-O 7. O-O c6 8. a4 Qc7 9. Re1 Re8 10. h3 Nf8 11. Be3 Ng6 12. Kh2 a5 13. Qd2 Bd7 14. Rad1 Rac8 15. Ng1 b5 16. f4 b4 17. Nce2 c5 18. dxe5 dxe5 19. f5 Nf8 20. g4 h6 21. Ng3 Bxa4 22. b3 Red8 23. Qc1 Bc6 24. Rf1 N8h7 25. Bf3 c4 26. bxc4 a4 27. h4 Nd7 28. g5 hxg5 29. hxg5 g6 30. f6 Bc5 31. Bg4 Bxe3 32. Qxe3 a3 33. Rb1 a2 34. Ra1 Ra8 35. Qb3 Nc5 36. Qe3 Bb7 37. Nf3 Ra3 38. Qe2 Rda8 39. Rfd1 b3 40. cxb3 Rxb3 41. Rxa2 Rxa2 42. Qxa2 Qb6 43. Qe2 Rb2 44. Rd2 Rxd2 45. Qxd2 Nxe4 46. Qd7 Qf2+ 47. Kh1 Nxg3# 0-1


[Site "https://www.chess.com"]

[Event "Titled Tuesday Blitz August 22 Late 2023"]
[White "Postlmayer, Jakob"]
[Black "Cardozo Munar, Carlos Eduardo"]
[WhiteFideId "1643622"]
[BlackFideId "4409477"]
[WhiteElo "2588"]
[BlackElo "2281"]
[Result "1-0"]
[Round "1"]
[TimeControl "180+1"]
[Date "2023.08.22"]
[WhiteClock "0:00:15"]
[BlackClock "0:00:00"]
[Board "166"]

1. d4 d5 2. Nf3 Nf6 3. e3 Bf5 4. c4 e6 5. Nc3 Bb4 6. Qa4+ Nc6 7. Ne5 Bxc3+ 8. bxc3 O-O 9. Nxc6 bxc6 10. Ba3 Re8 11. Qxc6 Rb8 12. Be2 Be4 13. f3 Bc2 14. O-O Rb6 15. Qc5 Nd7 16. Qa5 Qc8 17. c5 Rb8 18. Rac1 Bf5 19. c4 c6 20. Rc3 h5 21. Rb3 h4 22. Bb2 Bc2 23. Rxb8 Qxb8 24. Qc3 Bg6 25. Bc1 Qc7 26. Bd2 Rb8 27. Be1 h3 28. Bg3 e5 29. dxe5 hxg2 30. Kxg2 Qc8 31. cxd5 cxd5 32. e6 fxe6 33. Bxb8 Qxb8 34. c6 Nb6 35. c7 Qf8 36. Rc1 Nc8 37. Qe5 Bf5 38. e4 dxe4 39. fxe4 Qa3 40. exf5 Qxc1 41. Qxe6+ Kh7 42. Qxc8 Qg5+ 43. Kf3 Qh5+ 44. Ke3 Qg5+ 45. Kd3 1-0


[Site "https://www.chess.com"]

[Event "Titled Tuesday Blitz August 22 Late 2023"]
[White "Saucey, Michel"]
[Black "Grebeniuk, Semen"]
[WhiteFideId "601845"]
[BlackFideId "14117509"]
[WhiteElo "2276"]
[BlackElo "2587"]
[Result "0-1"]
[Round "1"]
[TimeControl "180+1"]
[Date "2023.08.22"]
[WhiteClock "0:00:03"]
[BlackClock "0:00:14"]
[Board "167"]

1. d4 f5 2. Nf3 Nf6 3. g3 d6 4. Bg2 g6 5. O-O Bg7 6. c4 O-O 7. Nc3 Qe8 8. b3 e5 9. dxe5 dxe5 10. e4 c6 11. Ba3 Rf7 12. exf5 gxf5 13. Re1 e4 14. Nh4 Ng4 15. Ne2 e3 16. f3 Nf2 17. Qc2 Nd7 18. f4 Nf6 19. Nxf5 Bxf5 20. Qxf5 N6e4 21. Qh5 Rd8 22. Rab1 Nd2 23. Bc5 Nd3 24. Bxa7 Nxb1 25. Rxb1 b5 26. c5 Rxa7 27. a4 Qxh5 0-1


[Site "https://www.chess.com"]

[Event "Titled Tuesday Blitz August 22 Late 2023"]
[White "Leenhouts, Koen"]
[Black "Rodriguez Santiago, Jaime"]
[WhiteFideId "1008439"]
[BlackFideId "3100898"]
[WhiteElo "2584"]
[BlackElo "2274"]
[Result "1-0"]
[Round "1"]
[TimeControl "180+1"]
[Date "2023.08.22"]
[WhiteClock "0:01:46"]
[BlackClock "0:00:53"]
[Board "168"]

1. d4 Nf6 2. c4 e6 3. Nf3 d5 4. Nc3 c5 5. cxd5 Nxd5 6. e4 Nxc3 7. bxc3 cxd4 8. cxd4 Bb4+ 9. Bd2 Bxd2+ 10. Qxd2 O-O 11. Bc4 Nd7 12. O-O b6 13. Rfe1 Bb7 14. Rad1 Rc8 15. Bb3 h6 16. h4 Nf6 17. Qf4 Qc7 18. Ne5 Rfd8 19. Re3 Nd7 20. Qxf7+ Kh8 21. Ng6+ Kh7 22. Bxe6 Nf6 23. Qxc7 Rxc7 24. Bf5 Bxe4 25. Rxe4 Rd5 26. Re5 1-0


[Site "https://www.chess.com"]

[Event "Titled Tuesday Blitz August 22 Late 2023"]
[White "drdaro"]
[Black "Martinez Reyes, Pedro Ramon"]
[BlackFideId "3901807"]
[WhiteElo "2272"]
[BlackElo "2584"]
[Result "0-1"]
[Round "1"]
[TimeControl "180+1"]
[Date "2023.08.22"]
[WhiteClock "0:00:37"]
[BlackClock "0:02:06"]
[Board "169"]

1. c4 Nf6 2. e3 e5 3. Nf3 e4 4. Nd4 Nc6 5. Nxc6 dxc6 6. d4 c5 7. Nc3 Bf5 8. Be2 h5 9. O-O h4 10. a3 h3 11. g3 Qe7 12. dxc5 Qxc5 13. b4 Qe7 14. Bb2 c6 15. b5 Qe6 16. bxc6 bxc6 17. Qa4 Be7 18. Nd5 O-O 19. Nxe7+ Qxe7 20. Qxc6 Ng4 21. Rfd1 Rab8 22. Bc3 Rfc8 23. Qd5 Qg5 24. Bd4 Rd8 25. Qc5 Rbc8 26. Qxa7 Be6 27. Rdc1 Qf5 28. Rf1 Bxc4 29. Bxc4 Rxc4 30. Ra2 Qf3 0-1


[Site "https://www.chess.com"]

[Event "Titled Tuesday Blitz August 22 Late 2023"]
[White "Rosen, Eric"]
[Black "Ai, Evan"]
[WhiteFideId "2032562"]
[BlackFideId "2094770"]
[WhiteElo "2581"]
[BlackElo "2271"]
[Result "1-0"]
[Round "1"]
[TimeControl "180+1"]
[Date "2023.08.22"]
[WhiteClock "0:00:38"]
[BlackClock "0:00:16"]
[Board "170"]

1. d4 Nf6 2. Bf4 d5 3. e3 e6 4. Nf3 c5 5. Nbd2 Nc6 6. c3 cxd4 7. exd4 Nh5 8. Be3 Bd6 9. Ne5 g6 10. g4 Ng7 11. h4 Nxe5 12. dxe5 Bxe5 13. h5 gxh5 14. Nf3 Bd6 15. Qd4 f6 16. Bd3 Qe7 17. gxh5 e5 18. Qxd5 Be6 19. Qb5+ Qd7 20. O-O-O Qxb5 21. Bxb5+ Ke7 22. Nd2 Rhc8 23. Ne4 Bb4 24. a3 Bf5 25. axb4 Bxe4 26. Rd7+ Kf8 27. Rg1 Ne6 28. Bh6+ 1-0


[Site "https://www.chess.com"]

[Event "Titled Tuesday Blitz August 22 Late 2023"]
[White "Chemin, Justo Reinaldo"]
[Black "Cremisi, Daniel"]
[WhiteFideId "2101580"]
[BlackFideId "2089882"]
[WhiteElo "2267"]
[BlackElo "2580"]
[Result "1-0"]
[Round "1"]
[TimeControl "180+1"]
[Date "2023.08.22"]
[WhiteClock "0:00:16"]
[BlackClock "0:02:17"]
[Board "171"]

1. d4 Nf6 2. Nf3 e6 3. Bg5 Be7 4. Nbd2 b6 5. e4 Bb7 6. Bd3 d5 7. Bxf6 Bxf6 8. e5 Be7 9. Qe2 O-O 10. h4 h6 11. g4 f6 12. exf6 Rxf6 13. g5 Rf4 14. gxh6 gxh6 15. Qe3 Rf6 16. Ne5 Kh8 17. Rg1 Nd7 18. Rg6 Rxg6 19. Nf7+ Kg7 20. Nxd8 Rg1+ 21. Nf1 Rxd8 22. Qxe6 Bxh4 23. O-O-O Bg5+ 24. Ne3 Rxd1+ 25. Kxd1 Bxe3 26. fxe3 1-0


[Site "https://www.chess.com"]

[Event "Titled Tuesday Blitz August 22 Late 2023"]
[White "Principe, Gerson"]
[Black "Schut, Han"]
[WhiteFideId "3804550"]
[BlackFideId "1005561"]
[WhiteElo "2578"]
[BlackElo "2266"]
[Result "1-0"]
[Round "1"]
[TimeControl "180+1"]
[Date "2023.08.22"]
[WhiteClock "0:02:26"]
[BlackClock "0:01:59"]
[Board "172"]

1. Nf3 Nf6 2. b3 g6 3. Bb2 Bg7 4. g3 O-O 5. Bg2 d5 6. O-O c5 7. e3 Nc6 8. d4 Bf5 9. Nbd2 Ne4 10. c4 cxd4 11. exd4 Nxd2 12. Qxd2 Be4 13. Rfd1 Rc8 14. Rac1 Nb4 15. Qxb4 1-0


[Site "https://www.chess.com"]

[Event "Titled Tuesday Blitz August 22 Late 2023"]
[White "Fernandez Hernandez, Gerardo"]
[Black "Erzhanov, Arman"]
[WhiteFideId "2207400"]
[BlackFideId "4138821"]
[WhiteElo "2265"]
[BlackElo "2577"]
[Result "0-1"]
[Round "1"]
[TimeControl "180+1"]
[Date "2023.08.22"]
[WhiteClock "0:00:00"]
[BlackClock "0:02:15"]
[Board "173"]

1. e4 d6 2. Nc3 Nf6 3. f4 d5 4. e5 d4 5. exf6 dxc3 6. fxg7 cxd2+ 7. Qxd2 Qxd2+ 8. Bxd2 Bxg7 9. O-O-O Nc6 10. Nf3 a6 11. Bc4 Bg4 12. Rhf1 Nd4 13. Bc3 Bxf3 14. gxf3 Nf5 15. Rd3 Bxc3 16. Rxc3 Rd8 17. Bd3 Ne3 18. Bb5+ axb5 19. Rxe3 Rg8 20. Rfe1 Rd7 21. f5 Rg2 22. f6 e6 23. R3e2 Rg6 24. Re5 c6 25. Rh5 h6 26. f4 Rxf6 27. f5 Rd5 28. b3 Rdxf5 29. Rxf5 Rxf5 30. Re2 Ke7 31. Kb2 Rf3 32. a3 h5 0-1


[Site "https://www.chess.com"]

[Event "Titled Tuesday Blitz August 22 Late 2023"]
[White "Leebit02"]
[Black "GAO"]
[WhiteElo "2576"]
[BlackElo "2264"]
[Result "1/2-1/2"]
[Round "1"]
[TimeControl "180+1"]
[Date "2023.08.22"]
[WhiteClock "0:00:10"]
[BlackClock "0:00:05"]
[Board "174"]

1. e4 c5 2. Nf3 Nc6 3. d4 cxd4 4. Nxd4 g6 5. c4 Bg7 6. Be3 Qb6 7. Nb3 Qd8 8. Nc3 Bxc3+ 9. bxc3 Nf6 10. f3 d6 11. Be2 O-O 12. O-O Be6 13. c5 d5 14. Bh6 Re8 15. exd5 Qxd5 16. Qc1 Rad8 17. Rd1 Qe5 18. Qe3 Qxe3+ 19. Bxe3 Nd5 20. Bd2 Bc8 21. Rab1 e5 22. Kf2 Kg7 23. a3 f6 24. c4 Nde7 25. Bc3 Nf5 26. Bd3 Nfd4 27. Nxd4 exd4 28. Bd2 Re5 29. Bb4 a5 30. Bd2 Rxc5 31. Rb5 Rxb5 32. cxb5 Ne5 33. Bf1 Bf5 34. Bxa5 Ra8 35. Bb4 d3 36. g4 Bd7 37. Bxd3 Nxd3+ 38. Rxd3 Bxb5 39. Rd6 Re8 40. Bc3 Re2+ 41. Kg3 Kf7 42. Rxf6+ Ke7 43. Rf4 Bc6 44. Bb4+ Ke6 45. h4 Bd5 46. Rf8 Kd7 47. Kf4 Re8 48. Rxe8 Kxe8 49. Ke3 Kd7 50. f4 Ke6 51. Kd4 Bf3 52. g5 Bc6 53. Ke3 Kf5 54. Bf8 Kg4 55. Bd6 Kxh4 56. Kd4 Kg4 57. Ke5 Kh5 58. Kf6 h6 59. gxh6 Kxh6 60. Ke5 Kh5 61. Kd4 Bf3 62. Kc5 Kg4 63. a4 Kf5 64. Kb6 Bh1 65. a5 Bg2 66. Kc7 Bf3 67. Kd7 Be4 68. Ke7 Bf3 69. Kf7 Bd5+ 70. Ke7 Bf3 71. Kd7 Be4 72. Kc7 Bd5 73. Kb6 Be4 74. Kc7 Bd5 75. Kb6 Be4 76. Kc7 1/2-1/2


[Site "https://www.chess.com"]

[Event "Titled Tuesday Blitz August 22 Late 2023"]
[White "Fernandez Bustamante, Leancy B."]
[Black "luksona14"]
[WhiteFideId "3523870"]
[WhiteElo "2257"]
[BlackElo "2576"]
[Result "0-1"]
[Round "1"]
[TimeControl "180+1"]
[Date "2023.08.22"]
[WhiteClock "0:00:13"]
[BlackClock "0:01:59"]
[Board "175"]

1. e4 d6 2. Nf3 g6 3. Nc3 Bg7 4. d4 a6 5. Bg5 b5 6. a3 Bb7 7. Qd2 h6 8. Bf4 e6 9. O-O-O Ne7 10. Be2 Nd7 11. h4 Nb6 12. e5 d5 13. h5 g5 14. Nxg5 hxg5 15. Bxg5 Nc4 16. Bxc4 dxc4 17. h6 Bf8 18. Qf4 Qd7 19. h7 Ng6 20. Qe3 Be7 21. Kb1 O-O-O 22. f4 Bxg5 23. fxg5 Bxg2 24. Rh2 Bb7 25. Ne2 c5 26. c3 Qd5 27. Ka1 Qf3 28. Qd2 Be4 29. Qe1 Bd3 30. Rf2 Qe3 31. Rd2 Rxh7 32. Rf1 cxd4 33. cxd4 Rh2 34. Rh1 Rxe2 35. Rxe2 Qxe2 36. Qa5 Qe4 37. Qxa6+ Qb7 38. Qa5 Qxh1+ 39. Ka2 Qb1# 0-1


[Site "https://www.chess.com"]

[Event "Titled Tuesday Blitz August 22 Late 2023"]
[White "Badelka, Olga"]
[Black "Magallanes, Rey Jomar"]
[WhiteFideId "13509926"]
[BlackFideId "5205948"]
[WhiteElo "2575"]
[BlackElo "2256"]
[Result "1-0"]
[Round "1"]
[TimeControl "180+1"]
[Date "2023.08.22"]
[WhiteClock "0:01:13"]
[BlackClock "0:02:34"]
[Board "176"]

1. Nf3 Nf6 2. g3 g6 3. Bg2 Bg7 4. c4 O-O 5. d4 e6 6. Nc3 d5 7. cxd5 exd5 8. Bf4 c6 9. O-O Nbd7 10. Rc1 Re8 11. Re1 Nf8 12. Ne5 Ne6 13. Na4 Nxf4 14. gxf4 Bf5 15. e3 Ne4 16. Nc5 b6 17. Nxe4 dxe4 18. Nxc6 Qd7 19. Ne5 Bxe5 20. dxe5 Qxd1 21. Rexd1 Rad8 22. Rd4 Rc8 23. Rxc8 Rxc8 24. Bxe4 Bh3 25. Rd1 Rc4 26. Bd3 Rb4 27. b3 a5 28. Bc4 Bg4 29. Rd8+ Kg7 30. a3 Rxc4 31. bxc4 Be2 32. Rd6 Bxc4 33. Rxb6 a4 34. Rb4 Bb3 35. e4 f6 36. Rb7+ Kf8 37. exf6 Be6 38. Rxh7 Bf7 39. Rxf7+ Kxf7 40. e5 Ke6 41. Kg2 Kf5 42. f7 Ke4 43. f8=Q Kd3 44. e6 Kc2 45. e7 Kb3 46. e8=Q Ka2 47. Qef7+ Kb1 48. Qb8+ Ka1 49. Qe5+ Kb1 50. Qb7+ Kc1 51. Qbb2+ Kd1 52. Qee2# 1-0


[Site "https://www.chess.com"]

[Event "Titled Tuesday Blitz August 22 Late 2023"]
[White "Garcia-Castany Musellas, Gal.la"]
[Black "Guerra Tulcan, Lenin"]
[WhiteFideId "2241803"]
[BlackFideId "3601382"]
[WhiteElo "2254"]
[BlackElo "2574"]
[Result "1-0"]
[Round "1"]
[TimeControl "180+1"]
[Date "2023.08.22"]
[WhiteClock "0:00:23"]
[BlackClock "0:00:05"]
[Board "177"]

1. Nf3 c5 2. b3 e6 3. Bb2 b6 4. e3 Bb7 5. Be2 Nf6 6. O-O Be7 7. d4 O-O 8. c4 d6 9. Nc3 Nbd7 10. d5 exd5 11. cxd5 Re8 12. h3 Bf8 13. Qd3 a6 14. a4 Qc7 15. Rac1 Rac8 16. Rfd1 Qb8 17. e4 b5 18. axb5 axb5 19. Qxb5 Nxe4 20. Nxe4 Rxe4 21. Bd3 Re7 22. Bf5 Rd8 23. Qd3 h6 24. Qd2 Nb6 25. Bc2 Bxd5 26. Nh4 Be4 27. Nf5 Bxf5 28. Bxf5 d5 29. Rxc5 d4 30. Rc6 Qb7 31. Rcc1 d3 32. Bxd3 Red7 33. Qe2 Nd5 34. Qe4 Nf6 35. Qxb7 Rxb7 36. Bxf6 gxf6 37. Bh7+ Kxh7 38. Rxd8 Ba3 39. Rc3 Bb2 40. Rf3 Be5 41. g3 Kg6 42. Kg2 h5 43. h4 Rb4 44. Rg8+ Kh7 45. Rc8 Kg6 46. Rc4 Rb5 47. b4 Bd6 48. Rb3 Kg7 49. Rd4 Be5 50. Rc4 Bd6 51. Rd3 Be5 52. f4 Bb8 53. Kf3 Kg6 54. Rb3 Bd6 55. Rd3 Bb8 56. Rd8 Ba7 57. Rd7 Bb6 58. Rb7 Kf5 59. Rc6 Rxb4 60. Rcxb6 Rc4 61. Rb5+ Kg6 62. Rb3 Rc1 63. R7b5 Rf1+ 64. Kg2 Re1 65. Rb6 Kg7 66. Rc3 Re2+ 67. Kf3 Re1 68. Rcc6 Rf1+ 69. Kg2 Rc1 70. Rxc1 1-0


[Site "https://www.chess.com"]

[Event "Titled Tuesday Blitz August 22 Late 2023"]
[White "Dobrikov, Marco"]
[Black "Sarkar, Justin"]
[WhiteFideId "12950378"]
[BlackFideId "2010011"]
[WhiteElo "2574"]
[BlackElo "2253"]
[Result "1-0"]
[Round "1"]
[TimeControl "180+1"]
[Date "2023.08.22"]
[WhiteClock "0:02:02"]
[BlackClock "0:00:15"]
[Board "178"]

1. d4 Nf6 2. Bg5 b6 3. Bxf6 exf6 4. e4 Bb7 5. Nd2 Be7 6. Ngf3 O-O 7. Bd3 c5 8. c3 cxd4 9. cxd4 d5 10. e5 Nc6 11. O-O fxe5 12. dxe5 Nb4 13. Nb3 Nxd3 14. Qxd3 a5 15. Rfd1 a4 16. Nbd4 Qd7 17. Nf5 Rac8 18. N3d4 Rfe8 19. Nxe7+ Rxe7 20. f4 Ba6 21. Qxa6 1-0


[Site "https://www.chess.com"]

[Event "Titled Tuesday Blitz August 22 Late 2023"]
[White "Kohler, Aran"]
[Black "Santos Flores, Alberto"]
[WhiteFideId "1002856"]
[BlackFideId "3601234"]
[WhiteElo "2253"]
[BlackElo "2574"]
[Result "0-1"]
[Round "1"]
[TimeControl "180+1"]
[Date "2023.08.22"]
[WhiteClock "0:00:21"]
[BlackClock "0:00:10"]
[Board "179"]

1. Nf3 d5 2. d4 Nf6 3. Bf4 c5 4. e3 Nc6 5. Nbd2 Qb6 6. Rb1 cxd4 7. exd4 Nxd4 8. Nxd4 Qxd4 9. Be3 Qa4 10. b3 Qa5 11. a4 Bd7 12. Bd3 e6 13. O-O Be7 14. Nf3 O-O 15. Ne5 Bd6 16. Nxd7 Nxd7 17. Qh5 Nf6 18. Qh4 Be7 19. Bg5 h6 20. Bxh6 gxh6 21. Qxh6 d4 22. g4 Qd5 23. Rfe1 Qf3 24. h3 Bd6 25. g5 Qh5 26. Qxf6 Qxh3 27. f4 Qg3+ 28. Kf1 Bxf4 29. Re2 Qh3+ 30. Rg2 Rfd8 31. Qxf4 Rd5 32. Re1 Rc8 33. Kf2 Rcc5 34. Qg3 Qxg3+ 35. Rxg3 Rxg5 36. Rxg5+ Rxg5 37. Rg1 Rxg1 38. Kxg1 f5 39. Kf2 Kf7 40. b4 Kf6 41. Bc4 e5 42. Bd5 b6 43. Kf3 Ke7 44. Ke2 Kd6 45. Kd3 Kxd5 46. c4+ dxc3 47. Kxc3 f4 48. Kd3 e4+ 49. Kd2 Kd4 50. a5 bxa5 51. bxa5 e3+ 52. Ke2 Ke4 53. a6 f3+ 54. Ke1 Kd3 55. Kd1 e2+ 56. Ke1 f2+ 57. Kxf2 Kd2 58. Kf3 e1=Q 59. Kf4 Qe3+ 60. Kf5 Qb6 61. Ke5 Qxa6 62. Kd4 Qc6 0-1


[Site "https://www.chess.com"]

[Event "Titled Tuesday Blitz August 22 Late 2023"]
[White "Dragomirescu, Robin-Alexandru"]
[Black "Matthew_Clarke"]
[WhiteFideId "1213849"]
[WhiteElo "2573"]
[BlackElo "2250"]
[Result "1-0"]
[Round "1"]
[TimeControl "180+1"]
[Date "2023.08.22"]
[WhiteClock "0:02:20"]
[BlackClock "0:00:00"]
[Board "180"]

1. c4 e6 2. Nf3 d5 3. d4 Nf6 4. Nc3 Be7 5. Bf4 O-O 6. e3 Nbd7 7. h3 c6 8. Qc2 h6 9. Rd1 Qa5 10. a3 dxc4 11. Bxc4 b5 12. Bd3 Nd5 13. O-O Nxf4 14. exf4 Nf6 15. f5 a6 16. Ne5 Qb6 17. Ne4 Nxe4 18. Bxe4 1-0


[Site "https://www.chess.com"]

[Event "Titled Tuesday Blitz August 22 Late 2023"]
[White "Fajdetic, Hrvoje"]
[Black "Kochiev, Ivan"]
[WhiteFideId "14501945"]
[BlackFideId "2917890"]
[WhiteElo "2249"]
[BlackElo "2570"]
[Result "0-1"]
[Round "1"]
[TimeControl "180+1"]
[Date "2023.08.22"]
[WhiteClock "0:00:13"]
[BlackClock "0:00:47"]
[Board "181"]

1. d4 Nf6 2. Bf4 e6 3. e3 c5 4. Nd2 d5 5. Ngf3 Bd6 6. Bg3 Qc7 7. Ne5 Nc6 8. Bb5 O-O 9. Bxc6 bxc6 10. f4 cxd4 11. exd4 c5 12. O-O cxd4 13. Nb3 Ne4 14. Qxd4 Rb8 15. Rac1 Ba6 16. Rfe1 Nxg3 17. hxg3 Rfc8 18. Kh2 Rb4 19. Qf2 Re4 20. Nd3 Ra4 21. f5 Bxg3+ 22. Qxg3 Rh4+ 0-1


[Site "https://www.chess.com"]